 Dungeon Crawl Stone Soup version 0.28-a0-537-g3bccd9ccbf (webtiles) character file.

Game seed: 6509846919786678148

34542 speeev33 the Fighter (level 13, -8/88 HPs)
             Began as a Gargoyle Fighter on Sept 27, 2021.
             Was a High Priest of Okawaru.
             Mangled by a demonic crawler simulacrum (14 damage)
             ... in an ice cave.
             The game lasted 00:37:56 (17476 turns).

speeev33 the Fighter (Gargoyle Fighter)            Turns: 17476, Time: 00:37:57

Health: -8/88      AC: 40    Str: 30    XL:     13   Next: 78%
Magic:  0/16       EV:  6    Int: 10    God:    Okawaru [*****.]
Gold:   835        SH: 11    Dex:  9    Spells: 12/12 levels left

rFire   . . .      SeeInvis .   B - +2 whip (venom)
rCold   . . .      Faith    .   C - +0 kite shield
rNeg    + . .      Spirit   +   D - +0 crystal plate armour
rPois   ∞          Reflect  .   y - +1 helmet
rElec   +          Harm     .   F - scarf {repulsion}
rCorr   +          Rampage  .   n - +2 pair of gloves
Will    .....                   P - +0 pair of boots
Stlth   ..........              e - amulet of guardian spirit
HPRegen 0.24/turn               m - +6 ring of strength
MPRegen 0.15/turn               f - ring of resist corrosion

@: repel missiles
A: sickness immunity, AC +9, negative energy resistance 1, electricity
resistance, torment resistance 1, petrification resistance
a: Renounce Religion, Heroism, Finesse, Duel


You were in an ice cave.
You worshipped Okawaru.
Okawaru was extremely pleased with you.
You visited 3 branches of the dungeon, and saw 16 of its levels.
You also visited: Ice Cave.

You collected 1066 gold pieces.
You spent 231 gold pieces at shops.

Inventory:

Hand Weapons
 B - a +2 whip of venom (weapon)
Missiles
 z - 5 throwing nets (quivered)
 E - 2 silver boomerangs
Armour
 n - a +2 pair of gloves (worn)
 y - a +1 helmet (worn)
 C - a +0 kite shield (worn)
 D - a +0 crystal plate armour (worn)
 F - a scarf of repulsion (worn)
 L - a +2 cloak
 P - a +0 pair of boots (worn)
Jewellery
 e - an amulet of guardian spirit (around neck)
 f - a ring of resist corrosion (right hand)
 l - a +4 ring of evasion
 m - a +6 ring of strength (left hand)
 H - a ring of protection from fire
 K - a ring of protection from fire
Wands
 b - a wand of polymorph (9)
 u - a wand of paralysis (3)
 I - a wand of acid (12)
 J - a wand of iceblast (8)
Scrolls
 c - 3 scrolls of teleportation
 g - 3 scrolls of vulnerability
 h - a scroll of brand weapon
 o - 3 scrolls of enchant weapon
 q - 3 scrolls of blinking
 t - 2 scrolls of amnesia
 x - 2 scrolls of fear
 G - a scroll of fog
 O - 3 scrolls of identify
 Q - a scroll of magic mapping
Potions
 d - a potion of magic
 i - 3 potions of curing
 j - 2 potions of flight
 k - 2 potions of attraction
 p - 2 potions of cancellation
 r - 2 potions of degeneration
 s - 4 potions of lignification
 v - a potion of berserk rage
 w - a potion of heal wounds
 A - a potion of brilliance
 M - a potion of mutation
 N - 3 potions of haste
Miscellaneous
 a - a phial of floods


   Skills:
 + Level 13.5 Fighting
 + Level 12.3 Maces & Flails
 + Level 13.5 Armour
 + Level 11.1 Shields
 + Level 5.1 Invocations


You had 12 spell levels left.
You didn't know any spells.
Your spell library contained the following spells:

 Spells                   Type           Power      Damage    Failure   Level
 Beastly Appendage        Tmut           0%         N/A       100%        1
 Pain                     Necr           0%         1d4       100%        1
 Ensorcelled Hibernation  Hex/Ice        0%         N/A       100%        2
 Scorch                   Fire           0%         2d5       100%        2
 Wereblood                Tmut           0%         N/A       100%        2
 Gell's Gravitas          Tloc           0%         N/A       100%        3
 Spider Form              Tmut/Pois      0%         N/A       100%        3
 Teleport Other           Tloc           0%         N/A       100%        3
 Vampiric Draining        Necr           0%         2d6       100%        3
 Flame Wave               Conj/Fire      0%         3d3       100%        4
 Petrify                  Tmut/Erth      0%         N/A       100%        4
 Agony                    Necr           0%         N/A       100%        5
 Excruciating Wounds      Necr           0%         N/A       100%        5
 Irradiate                Conj/Tmut      0%         3d14      100%        5
 Dispersal                Tloc           0%         N/A       100%        6
 Animate Skeleton         Necr           Unusable   N/A       N/A         1
 Sublimation of Blood     Necr           Unusable   N/A       N/A         2
 Tukima's Dance           Hex            Unusable   N/A       N/A         3
 Summon Cactus Giant      Summ           Unusable   N/A       N/A         6
 Summon Hydra             Summ           Unusable   N/A       N/A         7

Dungeon Overview and Level Annotations

Branches:
Dungeon (10/15)            Temple (1/1) D:5            Lair (5/6) D:10
 Shoals (0/4) Lair:3       Spider (0/4) Lair:2        Slime (0/5) Lair:5
    Orc (0/2) D:9           IceCv (1/1)

Altars:
Ashenzari
Cheibriados
Dithmenos
Elyvilon
Fedhas
Gozag
Hepliaklqana
Kikubaaqudgha
Makhleb
Nemelex Xobeh
Okawaru
Qazlal
Ru
Sif Muna
Trog
Uskayaw
Vehumet
Wu Jian
Xom
Yredelemnul
Zin
The Shining One

Shops:
D:10 *[


Innate Abilities, Weirdness & Mutations

You are immune to sickness and miasma.
Your stone body is resilient. (AC +9)
You are immune to poison.
You resist negative energy. (rN+)
You are resistant to electric shocks. (rElec)
You are resistant to unholy torment.
You are immune to petrification.


Message History

You block the demonic crawler simulacrum's attack. x2
You hit the demonic crawler simulacrum.
The demonic crawler simulacrum is moderately damaged.
You hit the demonic crawler simulacrum but do no damage.
The demonic crawler simulacrum is moderately damaged.
You block the demonic crawler simulacrum's attack.
The demonic crawler simulacrum hits you but does no damage.
The demonic crawler simulacrum hits you.
The demonic crawler simulacrum freezes you!!
You whack the demonic crawler simulacrum!
The demonic crawler simulacrum is heavily damaged.
The demonic crawler simulacrum hits you but does no damage. x3
You hit the demonic crawler simulacrum.
The demonic crawler simulacrum is severely damaged.
You hit the demonic crawler simulacrum.
The demonic crawler simulacrum is almost destroyed.
The demonic crawler simulacrum hits you but does no damage. x2
You block the demonic crawler simulacrum's attack.
You hit the demonic crawler simulacrum.
The demonic crawler simulacrum is almost destroyed.
The demonic crawler simulacrum closely misses you.
You block the demonic crawler simulacrum's attack.
The demonic crawler simulacrum hits you but does no damage.
You hit the demonic crawler simulacrum but do no damage.
The demonic crawler simulacrum is almost destroyed.
You hit the demonic crawler simulacrum but do no damage.
The demonic crawler simulacrum is almost destroyed.
You block the demonic crawler simulacrum's attack.
The demonic crawler simulacrum hits you but does no damage.
The demonic crawler simulacrum hits you.
The demonic crawler simulacrum freezes you!!
You hit the demonic crawler simulacrum but do no damage.
The demonic crawler simulacrum is almost destroyed.
The demonic crawler simulacrum hits you.
The demonic crawler simulacrum freezes you!!
* * * LOW HITPOINT WARNING * * *
The demonic crawler simulacrum hits you.
* * * LOW HITPOINT WARNING * * *
The demonic crawler simulacrum freezes you!
You die...

##.....## ###### #....###
###....#### #.....##
###.........##
#......###.....###....###
##...........###
###....## ###.........#
###....## ###########
###.......#
########.......###
......Z@.....###
........###### ..#######


You could see a demonic crawler simulacrum.

Vanquished Creatures
  A quicksilver ooze (IceCv)
  Harold (D:8)
  A catoblepas (Lair:2)
  4 hydras
  A two-headed ogre (D:8)
  A wolf spider zombie (D:10)
  A deep elf pyromancer (D:8)
  An oklob plant (Lair:5)
  A manticore (D:8)
  11 elephants
  3 black mambas
  6 centaur zombies
  Maurice (D:8)
  A torpor snail (Lair:5)
  8 cane toads
  A kobold demonologist (D:6)
  3 komodo dragons
  2 ice devils (Lair:5)
  2 hellwings (D:10)
  A troll (D:10)
  A harpy zombie (D:10)
  Grinder (D:5)
  3 polar bears
  A merfolk (Lair:3)
  4 slime creatures (IceCv)
  3 dream sheep (Lair:5)
  11 blink frogs
  A meliai zombie (D:10)
  A wraith (D:10)
  A shadow (D:9)
  15 yaks
  3 redbacks (Lair:2)
  4 wyverns
  3 humans
  3 basilisks
  2 vampire mosquitoes (D:10)
  Eustachio (D:5)
  A steam dragon (D:10)
  2 acid dragons
  7 water moccasins
  4 orc warriors
  An ice beast (D:6)
  3 ugly thing simulacra (IceCv)
  4 black bears
  A sky beast (Lair:4)
  3 wolves (Lair:2)
  2 necrophages
  7 ogres
  5 centaurs
  3 kobold brigands
  14 bullfrogs
  A glowing shapeshifter simulacrum (IceCv)
  4 killer bees (D:10)
  6 howler monkeys
  A crimson imp (D:4)
  A hound (D:6)
  2 jellies (D:6)
  2 gnoll shamans (D:6)
  3 orc priests (D:6)
  2 bullfrog skeletons
  2 centaur skeletons
  3 orc wizards (D:9)
  2 howler monkey zombies
  17 gnolls
  10 adders
  4 shadow imps (D:10)
  A white imp (D:7)
  An ufetubus (D:5)
  2 worms (D:2)
  11 orcs
  4 endoplasms
  3 giant cockroaches
  4 goblins
  15 hobgoblins
  5 quokkas
  3 ball pythons
  5 bats
  2 frilled lizards
  A goblin zombie (D:4)
  A hobgoblin zombie (D:4)
  16 kobolds
  2 kobold skeletons (D:4)
  2 kobold zombies (D:4)
  2 orc skeletons (D:4)
  2 rats
  A butterfly (Lair:2)
309 creatures vanquished.

Vanquished Creatures (others)
  A cane toad (Lair:2)
  9 fungi
  13 plants
  4 withered plants (D:10)
27 creatures vanquished.

Grand Total: 336 creatures vanquished

Notes
Turn   | Place    | Note
-------+----------+-------------------------------------------
     0 | D:1      | speeev33 the Gargoyle Fighter began the quest for the Orb.
     0 | D:1      | Reached XP level 1. HP: 14/14 MP: 1/1
    56 | D:1      | Found a faded altar of an unknown god.
   619 | D:1      | Reached XP level 2. HP: 19/19 MP: 2/2
  1469 | D:2      | Reached XP level 3. HP: 24/24 MP: 3/3
  1957 | D:3      | Reached XP level 4. HP: 29/29 MP: 4/4
  2010 | D:3      | Noticed a necrophage
  2029 | D:3      | Killed a necrophage
  2030 | D:3      | Reached XP level 5. HP: 25/33 MP: 5/5
  2850 | D:4      | Reached XP level 6. HP: 19/39 MP: 4/6
  3025 | D:4      | Found a runed translucent door.
  3025 | D:4      | Noticed a human
  3027 | D:4      | Found a basalt altar of Yredelemnul.
  3064 | D:4      | Killed a human
  3065 | D:4      | Reached skill level 5 in Fighting
  3065 | D:4      | Reached skill level 5 in Armour
  3158 | D:4      | Reached XP level 7. HP: 28/44 MP: 4/7
  3321 | D:4      | Found a glowing golden altar of the Shining One.
  3697 | D:4      | Found a broken altar of Ashenzari.
  3804 | D:5      | Entered Level 5 of the Dungeon
  3823 | D:5      | Reached skill level 5 in Maces & Flails
  4085 | D:5      | Found a staircase to the Ecumenical Temple.
  4086 | D:5      | Noticed Grinder
  4103 | D:5      | Killed Grinder
  4104 | D:5      | Reached XP level 8. HP: 43/52 MP: 6/8
  4158 | Temple   | Entered the Ecumenical Temple
  4700 | D:5      | Found a hide-covered altar of Uskayaw.
  4887 | D:5      | Noticed Eustachio
  4915 | D:5      | Killed Eustachio
  4956 | D:5      | Found an opulent altar of Gozag.
  5234 | D:6      | Noticed a kobold demonologist
  5243 | D:6      | Noticed a rust devil
  5244 | D:6      | Noticed a red devil
  5244 | D:6      | Killed a kobold demonologist
  5418 | D:6      | Reached XP level 9. HP: 57/57 MP: 9/9
  7057 | D:7      | Noticed a seven-headed hydra
  7095 | D:7      | Killed a seven-headed hydra
  7096 | D:7      | Reached XP level 10. HP: 12/66 MP: 5/10
  7583 | D:8      | Noticed a two-headed ogre
  7602 | D:8      | Killed a two-headed ogre
  7603 | D:8      | Reached skill level 5 in Shields
  7959 | D:8      | Noticed a deep elf pyromancer
  7980 | D:8      | Killed a deep elf pyromancer
  7981 | D:8      | Reached skill level 10 in Fighting
  8101 | D:8      | Found an iron altar of Okawaru.
  8107 | D:8      | Became a worshipper of Warmaster Okawaru
  8158 | D:8      | Reached skill level 10 in Armour
  8260 | D:8      | Noticed Maurice
  8292 | D:8      | Killed Maurice
  8608 | D:8      | Noticed a manticore
  8632 | D:8      | Killed a manticore
  8632 | D:8      | Reached * piety under Okawaru
  8813 | D:8      | Noticed Harold
  8839 | D:8      | Killed Harold
  8839 | D:8      | Reached ** piety under Okawaru
  8840 | D:8      | Reached XP level 11. HP: 55/73 MP: 8/11
  9336 | D:9      | Found a staircase to the Orcish Mines.
  9465 | D:9      | Found a hazy altar of Hepliaklqana.
  9882 | D:10     | Entered Level 10 of the Dungeon
 10261 | D:10     | Reached *** piety under Okawaru
 10262 | D:10     | Reached skill level 10 in Maces & Flails
 10387 | D:10     | Reached **** piety under Okawaru
 10792 | D:10     | Found Xuiwuoho's Assorted Antiques.
 10860 | D:10     | Reached XP level 12. HP: 80/80 MP: 12/12
 10933 | D:10     | Found a staircase to the Lair.
 11276 | D:10     | Found Wicinlur's Armour Boutique.
 11424 | D:10     | Bought a +2 cloak for 231 gold pieces
 11459 | Lair:1   | Entered Level 1 of the Lair of Beasts
 11541 | Lair:1   | Reached ***** piety under Okawaru
 11684 | Lair:1   | Noticed a five-headed hydra
 11703 | Lair:1   | Killed a five-headed hydra
 11862 | Lair:1   | Noticed a five-headed hydra
 11876 | Lair:1   | Killed a five-headed hydra
 11876 | Lair:1   | Received a gift from Okawaru
 12084 | Lair:1   | Identified the +5 scale mail "Denam" {rElec rC+++ rCorr
                  | Int-2}
 12529 | Lair:2   | Noticed a catoblepas
 12566 | Lair:2   | Killed a catoblepas
 12777 | Lair:2   | Found a hole to the Spider Nest.
 14003 | Lair:3   | Reached skill level 1 in Invocations
 14026 | Lair:3   | Reached skill level 10 in Shields
 14476 | Lair:3   | Reached XP level 13. HP: 87/87 MP: 14/14
 14621 | Lair:3   | Found a staircase to the Shoals.
 15370 | Lair:4   | Noticed Sonja
 15378 | Lair:4   | Noticed Sonja
 15378 | Lair:4   | Sonja changed into Sonja the sky beast
 15393 | Lair:4   | Killed Sonja the sky beast
 15406 | Lair:4   | Received a gift from Okawaru
 16893 | Lair:5   | Found a staircase to the Slime Pits.
 16933 | Lair:5   | Found a frozen archway.
 16993 | IceCv    | Entered an ice cave
 17404 | IceCv    | Reached skill level 5 in Invocations
 17429 | IceCv    | Noticed a quicksilver ooze
 17444 | IceCv    | Killed a quicksilver ooze
 17476 | IceCv    | Mangled by a demonic crawler simulacrum

Illustrated notes

Levels and vault maps discovered:
D:1:      dpeg_arrival_short_road, layout_basic,
          dreamdust_ecumenical_altar_grove, nrook_uturn, minmay_misc_feat_doors
D:2:      layout_loops_ring
D:3:      layout_loops_ring, st_stairs_6
D:4:      layout_gridville, dk_yredelemnul_ordeal, pf_just_have_faith,
          nicolae_tso_besieged_by_evil
D:5:      layout_loops_ring, nicolae_uskayaw_murder_on_the_dancefloor,
          kennysheep_mini, minmay_temple_entry_drinking_statues,
          nicolae_ossuary_entry_monument, chequers_hall_statues_corner_a,
          feat_on_display, uniq_grinder, uniq_eustachio
D:6:      kennysheep_housing_project, layout_loops_corners,
          hangedman_abyss_or_decor_stabs
D:7:      layout_basic
D:8:      layout_rooms, okawaru_humans, guppyfry_early_elven_hall, uniq_harold,
          uniq_maurice
D:9:      layout_loops_ring, overflow_temple_1_default, orc_0_dummy
D:10:     cheibrodos_grave_circle, layout_basic, david_lair_generic,
          serial_shops, kennysheep_little_box, shop
Temple:   regret_index_temple_generic_petals
Lair:1:   layout_gridlike, lemuel_fruit_tree
Lair:2:   layout_concentric_octagons, spider_nest_entry_webs,
          lemuel_fruit_fields, grunt_megastairs_2
Lair:3:   layout_cave_pods, elwin_shoals_entry_rooms
Lair:4:   layout_regular_city, beast_lair_carwin_3, serial_bayou_shore_b,
          serial_bayou_shore_b, uniq_sonja
Lair:5:   layout_hall_layers, minmay_slime_entry_oklob_open,
          ebering_ghost_reflecting_pool, portal_ice_cave_demonic_guard,
          grunt_forest_small_clearing_treed, serial_bayou_shore_b,
          serial_bayou_shore_b
IceCv:    ice_cave_hellmonk_azure_passage

Skill      XL: |  1  2  3  4  5  6  7  8  9 10 11 12 13 |
---------------+----------------------------------------+-----
Fighting       | 4 5 6 7 9 10 11 12 13 | 13.5
Maces & Flails | 3 4 5 6 8 9 10 11 12 | 12.3
Armour         | 4 5 6 7 9 10 11 12 13 | 13.5
Shields        | 4 6 8 10 11 | 11.1
Invocations    | 2 5 |  5.1

Action                   |  1- 3 |  4- 6 |  7- 9 | 10-12 | 13-15 || total
-------------------------+-------+-------+-------+-------+-------++-------
Melee: Flail             |   107 |   107 |   278 |       |       ||   492
       Whip              |       |       |    68 |  1084 |   565 ||  1717
Throw: Throwing net      |       |       |       |       |     1 ||     1
Invok: Heroism           |       |       |       |       |     1 ||     1
Evoke: Wand              |       |       |     3 |       |     2 ||     5
  Use: Scroll            |     6 |     5 |     7 |     7 |       ||    25
       Potion            |       |       |     3 |       |       ||     3
 Stab: Petrified         |       |       |       |     3 |       ||     3
Armor: Scale mail        |    56 |    46 |    18 |       |       ||   120
       Plate armour      |       |       |   225 |    12 |       ||   237
       Crystal plate arm |       |       |       |   699 |   344 ||  1043
       Skin              |       |       |       |     3 |       ||     3
Dodge: Dodged            |    46 |    70 |   220 |   304 |   149 ||   789
       Repelled          |       |       |       |       |     1 ||     1
Block: Buckler           |    19 |    21 |    78 |       |       ||   118
       Kite shield       |       |       |    14 |   470 |   247 ||   731

Table legend: (Time is in decaauts)
 A = Elapsed time spent in this place.
 B = Non-inter-level travel time spent in this place.
 C = Inter-level travel time spent in this place.
 D = Time resting spent in this place.
 E = Time spent auto-exploring this place.
 F = Levels seen in this place.
 G = Mean time per level.
                   A        B        C        D        E       F      G
               +--------+--------+--------+--------+--------+-----+--------+
         Total |  17041 |  16483 |    558 |   4646 |   6574 |  17 | 1002.4 |
       Dungeon |  11135 |  10691 |    444 |   3040 |   4674 |  10 | 1113.5 |
        Temple |    220 |    194 |     26 |      0 |    174 |   1 |  220.0 |
          Lair |   5243 |   5155 |     88 |   1292 |   1726 |   5 | 1048.6 |
      Ice Cave |    441 |    441 |      0 |    314 |      0 |   1 |  441.0 |
               +--------+--------+--------+--------+--------+-----+--------+

Top non-repeatable levels by time:
     D:6: 1685 daAuts
    D:10: 1460 daAuts
     D:8: 1397 daAuts
  Lair:3: 1350 daAuts
     D:2: 1252 daAuts
  Lair:4: 1200 daAuts
  Lair:2: 1146 daAuts
     D:5: 1111 daAuts
     D:4: 991 daAuts
     D:3: 962 daAuts
  Lair:1: 953 daAuts
     D:9: 855 daAuts
     D:7: 761 daAuts
     D:1: 657 daAuts
  Lair:5: 593 daAuts
